AoeStats
← lav3rn3

Arena

505390562Analyzed
4v4 RM · 22d ago on Sep 9, 2026· 55m 4s· 8 players
Game mode
Random Map
Map size
Large (8 player)
Population
200
Speed
Normal
Resources
Standard
Victory
Conquest
Starting age
Dark Age
Ending age
Imperial Age
RankedLock teamsTeams togetherTeam positionsShared explorationLock speedFull tech treeHidden civsTurbo modeCheats
Victory
Defeat
🇨🇳 Persians · China
1013
+9
🇮🇳 Portuguese · India
974
+10
🇨🇳 Huns · China
924
+12
🇹🇷 Bengalis · Türkiye
796
+17
🇳🇿 Koreans · New Zealand
866
-13
🇻🇳 Goths · Vietnam
860
-13
🇨🇳 Franks · China
849
-12
🇺🇸 Japanese · United States
783
-10
applerutz20052001
0:37 Loom
12:42 Feudal Age
17:28 Castle Age
18:15 Fletching
21:06 Double-Bit Axe
21:59 Wheelbarrow
21:54 Scale Mail Armor
24:39 Horse Collar
25:50 Forging
25:42 Padded Archer Armor
26:46 Pikeman
31:34 Heavy Plow
31:52 Bow Saw
33:13 Squires
32:39 Elite Skirmisher
34:23 Gold Mining
39:11 Imperial Age
36:32 Town Watch
37:55 Chain Mail Armor
38:19 Murder Holes
39:00 Hand Cart
40:23 Anarchy
40:30 Anarchy
40:35 Perfusion
40:57 Conscription
41:54 Town Patrol
42:57 Two-Man Saw
42:50 Iron Casting
43:21 Elite Huskarl
43:30 Halberdier
51:28 Blast Furnace
56:11 Chemistry
精神老头
11:02 Feudal Age
12:10 Double-Bit Axe
16:41 Castle Age
15:30 Wheelbarrow
18:40 Stone Mining
18:41 Gold Mining
22:28 Bow Saw
26:40 Loom
27:38 Husbandry
28:23 Gold Shaft Mining
29:25 Hand Cart
28:56 Town Watch
29:25 Forging
29:21 Scale Barding Armor
34:11 Imperial Age
32:41 Iron Casting
32:27 Chain Barding Armor
32:58 Town Patrol
34:56 Cavalier
35:49 Caravan
36:20 Coinage
36:43 Paladin
38:28 Blast Furnace
38:04 Plate Barding Armor
39:23 Conscription
42:49 Ballistics
43:30 Chemistry
44:08 Banking
46:24 Siege Engineers
FizzyWinner7210
12:57 Feudal Age
18:28 Castle Age
30:44 Imperial Age
28:36 Squires
28:00 Pikeman
28:51 Scale Mail Armor
29:59 Forging
30:00 Double-Bit Axe
31:50 Conscription
31:51 Kataparuto
31:02 Halberdier
32:22 Iron Casting
32:03 Chain Mail Armor
32:44 Siege Engineers
39:37 Blast Furnace
38:52 Chain Mail Armor
41:13 Town Watch
46:39 Caravan
lav3rn3
0:35 Loom
12:49 Feudal Age
15:30 Wheelbarrow
15:13 Double-Bit Axe
17:06 Horse Collar
17:19 Gold Mining
17:23 Stone Mining
19:54 Town Watch
25:44 Castle Age
24:24 Fletching
26:55 Hand Cart
28:56 Town Patrol
29:37 Gold Shaft Mining
29:38 Stone Shaft Mining
29:18 Bow Saw
31:52 Caravan
34:09 Heavy Plow
34:12 Bodkin Arrow
36:09 Ballistics
39:22 Imperial Age
39:58 Forging
39:49 Scale Mail Armor
40:39 Bracer
41:43 Chemistry
40:49 Siege Engineers
40:08 Heavy Rocket Cart
40:42 Elite War Wagon
42:32 Two-Man Saw
40:59 Elite Fire Lancer
41:41 Squires
41:28 Arson
41:37 Gambesons
44:07 Shinkichon
44:32 Iron Casting
44:13 Chain Mail Armor
LaoWoo
10:52 Feudal Age
14:35 Castle Age
12:35 Double-Bit Axe
13:22 Horse Collar
16:24 Bow Saw
26:53 Wheelbarrow
29:18 Imperial Age
26:34 Loom
27:37 Bloodlines
27:27 Husbandry
27:45 Town Watch
28:15 Hand Cart
28:25 Town Patrol
28:36 Scale Barding Armor
28:41 Forging
28:27 Gold Mining
29:44 Gold Shaft Mining
30:03 Chain Barding Armor
29:53 Forging
30:24 Conscription
29:30 Cavalier
31:12 Plate Barding Armor
31:16 Paladin
31:17 Light Cavalry
33:22 Iron Casting
32:20 Hussar
33:43 Heavy Plow
35:24 Blast Furnace
35:15 Fletching
35:48 Ballistics
36:28 Chemistry
36:47 Parthian Tactics
35:42 Heavy Cavalry Archer
37:08 Thumb Ring
37:02 Bodkin Arrow
37:07 Padded Archer Armor
37:25 Murder Holes
43:54 Bracer
44:10 Leather Archer Armor
49:32 Capped Ram
50:48 Siege Ram
52:52 Elite Tarkan
53:34 Marauders
XX
12:00 Feudal Age
12:54 Loom
16:11 Castle Age
15:08 Double-Bit Axe
15:28 Horse Collar
17:30 Bow Saw
22:29 Wheelbarrow
25:02 Stone Mining
29:05 Imperial Age
27:02 Heavy Plow
27:40 Kamandaran
28:10 Hand Cart
27:44 Town Watch
28:29 Town Patrol
28:39 Scale Barding Armor
28:45 Forging
28:28 Fletching
29:10 Gold Mining
30:25 Two-Man Saw
30:39 Iron Casting
30:25 Chain Barding Armor
30:50 Gold Shaft Mining
31:03 Stone Shaft Mining
30:52 Conscription
30:41 Bodkin Arrow
32:42 Crop Rotation
32:11 Elite War Elephant
33:35 Husbandry
34:50 Blast Furnace
34:35 Bloodlines
34:46 Padded Archer Armor
35:48 Chemistry
35:08 Ballistics
34:53 Crossbowman
35:40 Thumb Ring
36:59 Plate Barding Armor
36:40 Leather Archer Armor
41:34 Hoardings
42:29 Ring Archer Armor
42:00 Scale Mail Armor
41:59 Murder Holes
42:15 Masonry
42:42 Caravan
44:46 Capped Ram
46:14 Coinage
45:55 Guilds
47:49 Banking
46:59 Siege Ram
54:30 Citadels
LetRapier1966
0:41 Loom
14:27 Feudal Age
16:15 Wheelbarrow
15:53 Horse Collar
16:22 Double-Bit Axe
20:09 Castle Age
20:05 Stone Mining
20:07 Gold Mining
21:13 Hand Cart
21:27 Bow Saw
21:28 Heavy Plow
32:52 Imperial Age
32:54 Ballistics
32:31 Murder Holes
32:48 Masonry
32:51 Fletching
33:02 Padded Archer Armor
33:16 Elite Organ Gun
34:24 Bodkin Arrow
35:32 Chemistry
35:03 Conscription
36:15 Stone Shaft Mining
36:42 Two-Man Saw
36:15 Crop Rotation
36:26 Bombard Tower
37:16 Architecture
38:06 Arquebus
39:02 Bracer
39:17 Leather Archer Armor
44:49 Ring Archer Armor
47:36 Pikeman
48:19 Scale Mail Armor
48:30 Forging
48:24 Halberdier
50:44 Iron Casting
50:26 Chain Mail Armor
52:23 Blast Furnace
52:52 Plate Mail Armor
52:23 Herbal Medicine
zivrisinek
0:31 Loom
16:26 Feudal Age
17:18 Man-at-Arms
17:45 Arson
18:43 Wheelbarrow
17:54 Town Watch
17:51 Horse Collar
18:11 Double-Bit Axe
19:19 Bloodlines
24:10 Castle Age
22:56 Scale Barding Armor
23:00 Scale Mail Armor
23:14 Stone Mining
23:28 Gold Mining
24:34 Forging
24:15 Fletching
25:03 Bow Saw
25:44 Heavy Plow
26:15 Husbandry
27:03 Murder Holes
27:25 Padded Archer Armor
27:14 Treadmill Crane
28:17 Ballistics
29:21 Hand Cart
29:36 Bodkin Arrow
31:12 Town Patrol
33:40 Fortified Wall
33:42 Masonry
38:02 Imperial Age
35:12 Crossbowman
35:14 Elite Skirmisher
37:34 Leather Archer Armor
38:14 Paiks
38:36 Elite Battle Elephant
40:19 Crop Rotation
39:17 Pikeman
39:58 Squires
40:43 Mahayana
40:43 Conscription
41:01 Chain Mail Armor
42:04 Elite Ratha (Ranged)
43:26 Chain Barding Armor
43:42 Iron Casting
43:08 Bracer
43:38 Ring Archer Armor
44:12 Two-Man Saw
43:10 Elite Elephant Archer
Connection lost

Rejoining the realm…

Still unreachable

The connection could not be restored.

Session expired

The server has moved on; the page needs a fresh start.